cohdb
Replays
Latest Replays
All Replays
Popular Replays
Top Player Replays
Match Explorer
How It Works
Community
CoH3 Stats
Reddit
Sign in to upload your games and track your stats! →
Sign in with Steam
Match 40061334
Unlisted
Match 40061334
Overview
Messages
Build Orders
End
Panzergrenadier Squad
250 Light Carrier
Selects Panzerjäger Kommand Battlegroup
Selects Mine Fields
Panzergrenadier Squad
Panzergrenadier Squad
Construct Light Support Kompanie
Selects GrB 39 Grenade Launcher Requisition
2.5-tonne Medical Truck
Construct Mechanized Kompanie
Marder III Tank Destroyer
Selects Crew Shock Tactics
Veteran Squad Leaders
Vehicle Survival Package
Panzergrenadier Squad
Construct Panzerarmee Kommand
BUTCHER
Thrusher
BigDog
Spøøkyム
Doubletap
Scuzzle
Bubujibroozy
Guibean
0
0
Comments
sign in to comment!
No comments posted yet!